[Event "44th Chess Olympiad Open 2022"]
[Site "Chennai"]
[Date "2022.08.02"]
[Round "5.45"]
[White "Madol Garang Panthoum"]
[Black "Escalona Landi, Samid Eduardo"]
[Result "1/2-1/2"]
[WhiteElo "1985"]
[BlackElo "2191"]
[Annotator "NA RC"]
[PlyCount "201"]
[EventDate "2022.??.??"]
[TimeControl "60"]

1. e4 c5 2. Nc3 Nc6 3. Nf3 g6 4. Bc4 Bg7 5. O-O d6 6. a3 Nf6 7. d4 cxd4 8. Nxd4 O-O 9. Nde2 Bd7 10. h3 Rc8 11. Ba2 b5 12. Be3 a5 13. f3 Ne5 14. Nf4 Nc4 15. Bxc4 Rxc4 16. Qd3 Rc8 17. Rab1 Rb8 18. Rfd1 b4 19. axb4 axb4 20. Ncd5 Nxd5 21. Nxd5 Be6 22. Nf4 Bd7 23. Nd5 e6 24. Nf4 Be5 25. Qd2 Qf6 26. Nd3 Bd4 27. Nf2 Bxe3 28. Qxe3 e5 29. Ra1 Rbc8 30. Rd2 Rc6 31. Ra7 Be6 32. Rb7 Rfc8 33. Rxb4 Rxc2 34. Rxc2 Rxc2 35. Rb8+ Kg7 36. b4 Qe7 37. b5 h5 38. b6 Rb2 39. Qc1 Rb3 40. Nd1 Qh4 41. Nf2 Qe7 42. Kh2 d5 43. exd5 Bxd5 44. Qc8 Kf6 45. Qh8+ Kf5 46. Re8 Qd6 47. Rd8 Qe6 48. Kg3 Bxf3 49. gxf3 e4 50. Qd4 Qe5+ 51. Qxe5+ Kxe5 52. Re8+ Kf5 53. Nxe4 Rxb6 54. Rc8 h4+ 55. Kxh4 Kf4 56. Ng5 f6 57. Rc4+ Ke3 58. Ne4 Kxf3 59. Nd2+ Ke3 60. Nf1+ Kf3 61. Nh2+ Ke3 62. Kg4 Rb2 63. Nf1+ Kd3 64. Rc6 Rf2 65. Rd6+ Ke4 66. Nd2+ Ke5 67. Nc4+ Ke4 68. Kg3 Rf3+ 69. Kg2 Rc3 70. Nd2+ Ke5 71. Rd8 g5 72. Nf3+ Kf5 73. Kg3 Ra3 74. Rb8 Ra4 75. Rb5+ Kg6 76. Rd5 Re4 77. Rd3 Re8 78. Nh2 Re6 79. Kf3 Ra6 80. Nf1 Rb6 81. Ne3 f5 82. Nc4 Rb4 83. Ne5+ Kh5 84. Kg3 g4 85. hxg4+ fxg4 86. Rd5 Kh6 87. Nxg4+ Kg6 88. Kh4 Ra4 89. Rg5+ Kf7 90. Kh5 Ke7 91. Rg6 Ra5+ 92. Kh6 Ra1 93. Kg7 Rg1 94. Kh6 Ra1 95. Rb6 Rg1 96. Kg5 Kd7 97. Kf5 Kc7 98. Rg6 Rf1+ 99. Ke6 Rg1 100. Rg7+ Kb6 101. Rg8 1/2-1/2

[Event "44th Chess Olympiad Open 2022"]
[Site "Chennai"]
[Date "2022.08.02"]
[Round "5.46"]
[White "Tissir, Mohamed"]
[Black "Abera, Aydagnuhem Gezachew"]
[Result "1-0"]
[WhiteElo "2366"]
[BlackElo "2137"]
[Annotator "RC"]
[PlyCount "93"]
[EventDate "2022.??.??"]
[TimeControl "60"]

1. e4 e5 2. Nf3 Nc6 3. Bc4 Be7 4. O-O Nf6 5. d3 O-O 6. Re1 d6 7. a4 a5 8. c3 Be6 9. Na3 Bxc4 10. Nxc4 Qd7 11. Bg5 Kh8 12. d4 exd4 13. cxd4 Ng8 14. Bd2 d5 15. Nce5 Qd6 16. Bf4 Nxe5 17. dxe5 Qb4 18. Qxd5 Rad8 19. Qb5 c6 20. Qxb4 Bxb4 21. Red1 Ne7 22. h4 h6 23. Kf1 Rfe8 24. h5 Nc8 25. Ke2 Nb6 26. Rxd8 Rxd8 27. e6 Re8 28. Bc7 Nc4 29. exf7 Rf8 30. Ne5 Nxe5 31. Bxe5 Rxf7 32. Rd1 b5 33. axb5 cxb5 34. Rd8+ Rf8 35. Rd7 Re8 36. Bxg7+ Kg8 37. Kd3 Re6 38. Bd4 Rd6 39. Rc7 a4 40. e5 Rd8 41. Ke4 Ba5 42. Rb7 b4 43.
e6 b3 44. Rg7+ Kh8 45. Ra7+ Rxd4+ 46. Kxd4 a3 47. e7 1-0

[Event "44th Chess Olympiad Open 2022"]
[Site "Chennai"]
[Date "2022.08.02"]
[Round "5.46"]
[White "Jimma, Desalegn Fekadu"]
[Black "Msellek, Ilyass"]
[Result "1/2-1/2"]
[WhiteElo "2112"]
[BlackElo "2398"]
[Annotator "RC"]
[PlyCount "111"]
[EventDate "2022.??.??"]
[TimeControl "60"]

1. d4 d5 2. c4 e6 3. Nf3 a6 4. e3 Nf6 5. Nc3 Be7 6. Bd3 dxc4 7. Bxc4 b5 8.
Be2 Bb7 9. O-O Nbd7 10. a3 c5 11. dxc5 Bxc5 12. b4 Be7 13.
Bb2 O-O 14. Qb3 Qb6 15. Rfd1 Rac8 16. Rac1 h6 17. h3 Bd6 18. Nd4 Nd5 19. Ne4 Be5 20. Nc5 Nxc5 21. bxc5 Qa5 22. Nc6 Bxc6 23. Bxe5 Ne7 24. Qc3 Qxc3 25. Bxc3 Rfd8 26. Ba5 Rxd1+ 27. Bxd1 f6 28. f3 Bd5 29. e4 Bc4 30. Bb6 Nc6 31. Kf2 Nd4 32. Ke3 Nc6 33. f4 Kf7 34. Bf3 e5 35. Rd1 exf4+ 36. Kxf4 Be6 37. Rd6 Ne5 38. Be2 Bc4 39. Bg4 Nxg4 40. Kxg4 Be6+ 41. Kf4 a5 42. c6 b4 43. axb4 axb4 44. c7 b3 45. Rd2 Ra8 46. Rb2 Ke7 47. Rb1 Kd7 48.
Rc1 Kc8 49. Ke3 Kb7 50. Bc5 Ra2 51. Bd6 Ra6 52. e5 Kc8 53.
g4 Bg8 54. Kd2 Bh7 55. Kc3 Rc6+ 56. Kb2 1/2-1/2

[Event "44th Chess Olympiad Open 2022"]
[Site "Chennai"]
[Date "2022.08.02"]
[Round "5.46"]
[White "Zrikem, Nassim"]
[Black "Tsige, Addisalem Temesgen"]
[Result "1-0"]
[WhiteElo "2075"]
[BlackElo "2072"]
[Annotator "NA RC"]
[PlyCount "65"]
[EventDate "2022.??.??"]
[TimeControl "60"]

1. d4 Nf6 2. Nf3 g6 3. Bg5 Bg7 4. Nbd2 d6 5. e4 Nbd7 6. c3 O-O 7. Bc4 h6 8. Bh4 Nb6 9. Bb3 g5 10. Bg3 Bg4 11. h4 Nh5 12. hxg5 Nxg3 13. fxg3 hxg5 14. e5 e6 15. Qb1 Bf5 16. Bc2 Qd7 17. g4 Bxc2 18.
Qxc2 f5 19. exf6 Bxf6 20. Rh6 Nd5 21. Kf2 Rf7 22. Rah1 Re8 23.
Qg6+ Kf8 24. Ne4 Qd8 25. Rh7 Qd7 26. Nxf6 Nxf6 27. Qh6+ Ke7 28. Rxf7+ Kxf7 29. Nxg5+ Ke7 30. Qg7+ Kd8 31.
Qxf6+ Kc8 32. Rh8 Kb8 33. Qf7 1-0

[Event "44th Chess Olympiad Open 2022"]
[Site "Chennai"]
[Date "2022.08.02"]
[Round "5.46"]
[White "Gole, Habtamu Ashenafi"]
[Black "Choukri, Adel"]
[Result "0-1"]
[WhiteElo "2044"]
[BlackElo "2306"]
[Annotator "RC"]
[PlyCount "90"]
[EventDate "2022.??.??"]
[TimeControl "60"]

1. Nf3 d5 2. d4 e6 3. Bf4 c5 4. e3 Nc6 5. c3 Nf6 6. Nbd2 h6 7. h3 Bd6 8. Ne5 Bxe5 9. dxe5 Nd7 10. Bb5 Qb6 11. Bxc6 bxc6 12. b3 Ba6 13. Qc2 Qc7 14. Nf3 Qa5 15. h4 O-O-O 16. h5 Qa3 17. Rh4 Bb5 18. Bg3 c4 19. b4 a5 20. Kf1 axb4 21. cxb4 Qxb4 22. a4 Qa5 23. Qa2 Ba6 24. Nd4 Kc7 25.
Rf4 c5 26. Nc2 Rb8 27. Kg1 Rhf8 28. f3 Qc3 29. Be1 Qb3 30. Rg4 Rg8 31. f4 g6 32. Rg3 gxh5 33. Ba5+ Kc6 34. Rh3 Qxa2 35. Rxa2 Rb1+ 36. Kh2 Rgb8 37. Bc3 R1b3 38. Ba1 c3 39. Kg3 Rb2 40. Bxb2 cxb2 41. Na3 Bc4 42. Rxb2 Rb7 43. Rb4 Rxb4 44. Nxc4 Rb2 45. e4 dxc4 0-1

[Event "44th Chess Olympiad Open 2022"]
[Site "Chennai"]
[Date "2022.08.02"]
[Round "5.47"]
[White "Arias Santana, Mauricio"]
[Black "Gerena Rivas, Eliam"]
[Result "1/2-1/2"]
[WhiteElo "2318"]
[BlackElo "2102"]
[Annotator "RC"]
[PlyCount "132"]
[EventDate "2022.??.??"]
[TimeControl "60"]

1. d4 Nf6 2. c4 g6 3. Nc3 Bg7 4. e4 d6 5. Nf3 O-O 6. Be2 e5 7. O-O Na6 8. Be3 Ng4 9. Bg5 Qe8 10. d5 f5 11. h3 Nf6 12. exf5 gxf5 13. Nd2 Qg6 14. f4 Bh6 15. Bxh6 Qxh6 16. Nb3 Bd7 17. c5 Nxc5 18. Nxc5 dxc5 19. d6 c6 20. Na4 b6 21. Qb3+ Kh8 22. fxe5 Ne4 23. Bf3 Be6 24. Qc2 Qe3+ 25. Kh2 Qf4+ 26. Kg1 Qxe5 27. Bxe4 fxe4 28. Qc3 Qd4+ 29. Kh1 Bc4 30. Rfe1 Bd3 31. a3 Rfe8 32. Re3 Rad8 33. Rae1 Qxc3 34. Nxc3 Rxd6 35. Nxe4 Rd4 36. Nf2 Rxe3 37. Rxe3 Bg6 38. Ng4 Re4 39. Kg1 Rxe3 40. Nxe3 Kg7 41. Nc4 Kf6 42. Kf2 Ke6 43. Ke3 Kd5 44. Nd2 b5 45. g4 a5 46. h4 c4 47. h5 Bc2 48. g5 b4 49. axb4 axb4 50.
Nf3 c5 51. Kd2 Be4 52. g6 h6 53. Ke3 Bf5 54. Nd2 Ke6 55. Nxc4 Kf6 56. Kf4 Bd3 57. Ne5 Bb5 58. Ng4+ Kg7 59. Ke3 Ba4 60. Nf2 c4 61. Kd4 c3 62. bxc3 bxc3 63. Kxc3 Be8 64. Ng4 Bxg6 65. Nxh6 Kxh6 66. hxg6 Kxg6 1/2-1/2

[Event "44th Chess Olympiad Open 2022"]
[Site "Chennai"]
[Date "2022.08.02"]
[Round "5.47"]
[White "Chaves Sanchez, Gabriel A"]
[Black "Fellman, Mike"]
[Result "1/2-1/2"]
[WhiteElo "2125"]
[BlackElo "2107"]
[Annotator "NA RC"]
[PlyCount "150"]
[EventDate "2022.??.??"]
[TimeControl "60"]

1. e4 c5 2. Nf3 d6 3. d4 Nf6 4. Nc3 cxd4 5. Nxd4 a6 6. f3 e5 7. Nb3 Be6 8. Be3 Nbd7 9. g4 Be7 10. Qd2 O-O 11. O-O-O Rc8 12. g5 Nh5 13. Kb1 Nb6 14. Rg1 g6 15. h4 Qc7 16. Qf2 Nc4 17. Bxc4 Bxc4 18. Na4 f5 19. gxf6 Nxf6 20. Nb6 Rce8 21. Nxc4 Qxc4 22. Bh6 Rf7 23. Qe3 Qe6 24. Rd3 Nh5 25. Rg4 Nf6 26. Rg1 Rc8 27. Bg5 Kh8 28. Rgd1 Bf8 29. Nc1 Ng8 30. Qg1 h6 31. Bd2 Kh7 32. Ne2 Be7 33. Bb4 Rc6 34. Nc3 Nf6 35. Nd5 Ne8 36. Qg3 Bd8 37. a4 Ng7 38. Qe1 Qh3 39. Nc3 Bxh4 40. Qe2 Be7 41. f4 Qe6 42. fxe5 dxe5 43. Bxe7 Qxe7 44. Nd5 Qf8 45. Qh2 Re6 46. Qh3 Re8 47. Qe3 Ne6 48. Rc3 Nd4 49. Ka2 Rc8 50. Rh1 Rxc3 51. Qxc3 Qd6 52. Qh3 h5 53. c3 Ne6 54. Qd3 Qc6 55. Ka3 Nf4 56. Qd2 Nxd5 57. exd5 Qd6+ 58. Ka2 e4 59. Qd4 Rf5 60. Rd1 Re5 61. c4 Re8 62. c5 Qd7 63. Rc1 e3 64. Re1 e2 65. d6 Qc6 66. b3 a5 67. Qd3 Qe4 68.
d7 Qxd3 69. dxe8=Q Qc2+ 70. Ka1 Qc3+ 71. Ka2 Qxe1 72. Qe7+ Kg8 73. Qe8+ Kg7 74. Qe7+ Kh6 75. Qe3+ Kg7 1/2-1/2

[Event "44th Chess Olympiad Open 2022"]
[Site "Chennai"]
[Date "2022.08.02"]
[Round "5.47"]
[White "Rodriguez Santiago, Jaime"]
[Black "Cabezas Solano, David Alejandro"]
[Result "0-1"]
[WhiteElo "2067"]
[BlackElo "2196"]
[Annotator "NA RC"]
[PlyCount "70"]
[EventDate "2022.??.??"]
[TimeControl "60"]

1. c4 e5 2. Nc3 Nf6 3. Nf3 Nc6 4. e3 Bb4 5. Qc2 O-O 6. Nd5 Re8 7. Ng5 g6 8. h4 Bf8 9. h5 Nxd5 10. hxg6 Qxg5 11. gxf7+ Kxf7 12. Rxh7+ Bg7 13. cxd5 Qg6 14. Qxg6+ Kxg6 15. Rxg7+ Kxg7 16.
dxc6 bxc6 17. b3 d6 18. Bb2 Kg6 19. f3 a5 20. Rc1 c5 21.
Kf2 Ba6 22. Bxa6 Rxa6 23. Rc4 a4 24. b4 Rb8 25. Ba3 cxb4 26.
Bxb4 a3 27. Bc3 Rb2 28. Ke2 Rxa2 29. Kd1 Rb6 30. Kc1 c5 31. f4 exf4 32. Rxf4 d5 33. Ra4 Rb5 34. g4 Kg5 35. Rf4 d4 0-1

[Event "44th Chess Olympiad Open 2022"]
[Site "Chennai"]
[Date "2022.08.02"]
[Round "5.47"]
[White "Pinales Roussel, Gabriel"]
[Black "Chinchilla Miranda, Eugenio"]
[Result "0-1"]
[WhiteElo "1973"]
[BlackElo "2206"]
[Annotator "NA RC"]
[PlyCount "72"]
[EventDate "2022.??.??"]
[TimeControl "60"]

1. Nf3 d5 2. g3 c5 3. Bg2 Nf6 4. O-O e6 5. c4 d4 6. e3 Nc6 7. exd4 cxd4 8. d3 Bd6 9. Bg5 h6 10. Bxf6 Qxf6 11. Nbd2 Qe7 12. Re1 O-O 13. Nb3 Qf6 14. c5 Bc7 15. Nfd2 e5 16. Ne4 Qg6 17. Nbd2 f5 18. Nd6 Bxd6 19. cxd6 Qxd6 20. Nc4 Qf6 21. Bxc6 bxc6 22. Nxe5 f4 23. Qf3 fxg3 24. Qxf6 gxh2+ 25. Kxh2 Rxf6 26. Kg3 Bf5 27. Rec1 Re8 28. Rc5 Rfe6 29. f4 Bxd3 30. Rd1 Be4 31. Rxd4 Bd5 32. Rc3 g5 33. Nc4 Re4 34. Rxe4 Rxe4 35. Na5 gxf4+ 36. Kg4 f3+ 0-1

[Event "44th Chess Olympiad Open 2022"]
[Site "Chennai"]
[Date "2022.08.02"]
[Round "5.48"]
[White "Liyanage, Ranindu Dilshan"]
[Black "Bouzidi, Ahmed"]
[Result "1-0"]
[WhiteElo "2286"]
[BlackElo "2148"]
[Annotator "NA RC"]
[PlyCount "85"]
[EventDate "2022.??.??"]
[TimeControl "60"]

1. e4 e5 2. Nf3 Nc6 3. Bc4 Nf6 4. d3 Bc5 5. c3 d6 6. O-O a6 7. a4 Ba7 8. Re1 h6 9. Nbd2 O-O 10. h3 Qe8 11. Nh4 b5 12. Ba2 Be6 13.
Qf3 Bxa2 14. Rxa2 Qe6 15. Ra1 Ne7 16. Nf1 Kh7 17. Be3 Bxe3 18.
Nxe3 g6 19. d4 c6 20. Rad1 Kg7 21. a5 Rad8 22. Nf1 c5 23. Qe3 Nd7 24. Ng3 Kh7 25. Nf3 Qf6 26. Rd2 Qf4 27. Qe2 exd4 28. cxd4 Nc6 29. dxc5 dxc5 30. Red1 Nf6 31. e5 Rxd2 32. Qxd2 Qxd2 33. Rxd2 Nh5 34. Ne4 Nxa5 35. Rd7 Nf4 36. Nxc5 Nc4 37. b3 Na5 38. e6 Nc6 39. Rc7 Ne2+ 40. Kf1 Ned4 41. Nxd4 Nxd4 42. e7 Rh8 43. Ne4 1-0

[Event "44th Chess Olympiad Open 2022"]
[Site "Chennai"]
[Date "2022.08.02"]
[Round "5.48"]
[White "Amdouni, Zoubaier"]
[Black "Alahakoon, Isuru"]
[Result "0-1"]
[WhiteElo "2224"]
[BlackElo "2000"]
[Annotator "NA RC"]
[PlyCount "76"]
[EventDate "2022.??.??"]
[TimeControl "60"]

1. e4 c5 2. Nc3 Nc6 3. Bb5 Nd4 4. Nf3 a6 5. Bd3 d6 6. Nxd4 cxd4 7. Ne2 e5 8. c3 dxc3 9. dxc3 Be7 10. O-O Nf6 11. Ng3 O-O 12. Qe2 Be6 13. Nf5 Bxf5 14. exf5 Re8 15. c4 Qc8 16. Kh1 e4 17. Bxe4 d5 18. Bf3 Qxf5 19. cxd5 Rac8 20. Qd1 Bd6 21. Be3 Rc2 22. Bd4 Rec8 23. Re1 Qg5 24. g3 h5 25. Kg1 h4 26. Bc3 hxg3 27. Qxc2 gxf2+ 28. Kxf2 Bc5+ 29. Ke2 Qe3+ 30. Kd1 Qxf3+ 31. Qe2 Qxd5+ 32. Kc2 b5 33. Rad1 Qxa2 34. Bxf6 Bd4+ 35. Kd3 Qc4+ 36. Ke4 Re8+ 37. Kf3 Qc6+ 38. Kg3 Rxe2 0-1

[Event "44th Chess Olympiad Open 2022"]
[Site "Chennai"]
[Date "2022.08.02"]
[Round "5.48"]
[White "Meddeb, Anis"]
[Black "De Silva, L M S T.."]
[Result "0-1"]
[WhiteElo "2121"]
[BlackElo "2212"]
[Annotator "NA RC"]
[PlyCount "96"]
[EventDate "2022.??.??"]
[TimeControl "60"]

1. e4 e5 2. Nf3 Nc6 3. Bb5 a6 4. Ba4 Nf6 5. O-O Be7 6. d3 b5 7. Bb3 O-O 8. Re1 d6 9. c3 Na5 10. Bc2 c5 11. Nbd2 Re8 12. Nf1 Bf8 13.
Bg5 h6 14. Bd2 g6 15. a4 Be6 16. Ne3 Qc7 17. d4 c4 18. d5 Bd7 19. axb5 axb5 20. h3 Bg7 21. Kh2 Nb7 22. Nf1 Nh5 23. Rxa8 Rxa8 24. Qc1 g5 25. g4 Nf4 26. Ng3 Re8 27. Bxf4 exf4 28. Nf5 Bxf5 29. exf5 Qd8 30. Kg2 Nc5 31. Qd2 Rxe1 32. Qxe1 Bf6 33. Qa1 Qe8 34. Kf1 Kg7 35. Qd1 Qa8 36. Nd4 Qxd5 37. Nxb5 Nd3 38. Nd4 Bxd4 39. cxd4 Nxb2 40. Qd2 Nd3 41. Bxd3 Qxd4 42. Qb4 Qxd3+ 43. Kg2 c3 44. Qa5 Qe4+ 45. Kh2 Qd4 46. Kg2 c2 47. Qa3 f3+ 48. Kxf3 Qf4+ 0-1

[Event "44th Chess Olympiad Open 2022"]
[Site "Chennai"]
[Date "2022.08.02"]
[Round "5.48"]
[White "Kiriella, K G T S D.."]
[Black "Boudriga, Mohamed Ali"]
[Result "0-1"]
[WhiteElo "1781"]
[BlackElo "2308"]
[Annotator "RC"]
[PlyCount "54"]
[EventDate "2022.??.??"]
[TimeControl "60"]

1. e4 c5 2. Nf3 d6 3. d4 cxd4 4. Nxd4 Nf6 5. Nc3 a6 6. Be3 e5 7. Nf3 Be7 8. Nd2 Nbd7 9. Nc4 Qc7 10. a4 b6 11. Bg5 Bb7 12. f3 O-O 13.
Bxf6 Nxf6 14. Ne3 d5 15. Nexd5 Nxd5 16. Nxd5 Bxd5 17. exd5 e4 18. fxe4 Qe5 19. Bd3 Bc5 20. Qf3 Qxb2 21. Rd1 f5 22. exf5 Rae8+ 23. Kf1 Re3 24. Qf4 Rxd3 25. cxd3 Qc2 26. Qd2 Rxf5+ 27. Ke1 Bb4 0-1

[Event "44th Chess Olympiad Open 2022"]
[Site "Chennai"]
[Date "2022.08.02"]
[Round "5.49"]
[White "Adebayo, Adegboyega"]
[Black "Monnaatsheko, Keletshabile"]
[Result "1-0"]
[WhiteElo "2313"]
[BlackElo "2014"]
[Annotator "RC"]
[PlyCount "119"]
[EventDate "2022.??.??"]
[TimeControl "60"]

1. d4 d5 2. c4 c6 3. Nc3 e6 4. Nf3 f5 5. Bf4 Nf6 6. e3 Nbd7 7. Bd3 Ne4 8.
Ne5 Qh4 9. Bxe4 fxe4 10. O-O Bb4 11. Nxd7 Bxd7 12. Qb3 a5 13. cxd5 exd5 14. a3 Bxc3 15. Qxb7 Qd8 16. bxc3 O-O 17. Rab1 Qe8 18. Qc7 Rc8 19. Qe5 Qg6 20. Rb7 Bg4 21. a4 Rf5 22. Qe7 Rf7 23.
Qxf7+ Qxf7 24. Rxf7 Kxf7 25. Rb1 Bd7 26. Rb7 Ke6 27. f3 exf3 28.
gxf3 g5 29. Bc7 h5 30. Ra7 g4 31. fxg4 hxg4 32. Bxa5 c5 33. Bb6 cxd4 34. Bxd4 Rc4 35. a5 Ra4 36. Ra6+ Ke7 37. Bc5+ Kf7 38. Kf2 Bb5 39. Ra7+ Ke6 40. Kg3 Bf1 41. Kh4 Kf6 42. Bd4+ Kg6 43. Kxg4 Ra2 44. h4 Rg2+ 45. Kf4 Ra2 46. Ke5 Bc4 47. Kd6 Kh5 48. Kc5 Ra4 49. Kb6 Kxh4 50. a6 Bd3 51. Ra8 Bxa6 52. Rxa6 Rc4 53. Ra5 Kg4 54. Rxd5 Rc8 55. e4 Kf4 56. e5 Ke4 57. Rd6 Kd3 58. e6 Re8 59. e7 Kc4 60.
Bf6 1-0

[Event "44th Chess Olympiad Open 2022"]
[Site "Chennai"]
[Date "2022.08.02"]
[Round "5.49"]
[White "Okeke Issac"]
[Black "Oatlhotse, Providence"]
[Result "0-1"]
[WhiteElo "2204"]
[BlackElo "2204"]
[Annotator "NA RC"]
[PlyCount "58"]
[EventDate "2022.??.??"]
[TimeControl "60"]

1. e4 g6 2. Nc3 Bg7 3. h4 h5 4. d4 c6 5. Bc4 d6 6. Be3 Nf6 7. f3 d5 8. Bb3 dxe4 9. Nxe4 Nbd7 10. Qd3 Nd5 11. Ng5 N7f6 12. O-O-O a5 13. a4 Bf5 14. Qe2 O-O 15. N1h3 b5 16. Nf4 bxa4 17. Bxd5 cxd5 18. g4 hxg4 19. h5 Rc8 20. Rd3 gxf3 21. Qxf3 a3 22. bxa3 Qc7 23. Qe2 e5 24. hxg6 exf4 25. gxf7+ Rxf7 26. Nxf7 Kxf7 27. Bf2 Bg4 28. Qd2 Ne4 29. Rc3 Nxc3 0-1

[Event "44th Chess Olympiad Open 2022"]
[Site "Chennai"]
[Date "2022.08.02"]
[Round "5.49"]
[White "Rongwane, Gomolemo"]
[Black "Kigigha, Bomo"]
[Result "1/2-1/2"]
[WhiteElo "2033"]
[BlackElo "2251"]
[Annotator "NA RC"]
[PlyCount "63"]
[EventDate "2022.??.??"]
[TimeControl "60"]

1. d4 d5 2. Nf3 Nf6 3. c4 c6 4. Qc2 e6 5. g3 Nbd7 6. Bg2 b6 7. O-O Bb7 8. Nbd2 Bd6 9. e4 dxe4 10. Nxe4 Nxe4 11. Qxe4 Nf6 12. Qe2 O-O 13. Rd1 h6 14. b3 Qe7 15. Bb2 c5 16. d5 exd5 17. Qxe7 Bxe7 18. Nh4 g6 19. cxd5 Ne8 20. d6 Nxd6 21. Bxb7 Nxb7 22. Rd7 Bxh4 23. Rxb7 Bg5 24. f4 Bd8 25. Rd1 b5 26. Rd6 Bb6 27. Rxg6+ fxg6 28. Rg7+ Kh8 29. Rf7+ Kg8 30. Rg7+ Kh8 31. Rf7+ Kg8 32. Rg7+ 1/2-1/2

[Event "44th Chess Olympiad Open 2022"]
[Site "Chennai"]
[Date "2022.08.02"]
[Round "5.49"]
[White "Sabure, Bojosi"]
[Black "Akinseye, Abiola"]
[Result "1/2-1/2"]
[WhiteElo "1966"]
[BlackElo "2214"]
[Annotator "NA RC"]
[PlyCount "102"]
[EventDate "2022.??.??"]
[TimeControl "60"]

1. Nf3 d5 2. g3 Nf6 3. Bg2 c6 4. O-O Bf5 5. d3 h6 6. Nbd2 e6 7. Re1 Bc5 8. c4 Qb6 9. e3 Bxd3 10. cxd5 cxd5 11. Nb3 Bh7 12. Nxc5 Qxc5 13. Qb3 Qe7 14. Qb5+ Qd7 15. Nd4 O-O 16. Bd2 Rc8 17. Rec1 Nc6 18. Nxc6 Rxc6 19. Rxc6 Qxc6 20. Qxc6 bxc6 21. Rc1 Rc8 22. Bb4 Bd3 23. Rc3 Bb5 24. b3 Nd7 25. a4 Be2 26. Bd6 a5 27. f4 c5 28. Kf2 Ba6 29. e4 d4 30. Rc1 Bb7 31. h4 h5 32. Bf3 g6 33. e5 Bd5 34. Be2 Bxb3 35.
Bb5 Nb6 36. Rxc5 Rxc5 37. Bxc5 Bxa4 38. Bxd4 Bxb5 39. Bxb6 a4 40. Bc5 Kg7 41. Ke3 f6 42. Kd4 Kf7 43. Ba3 Be2 44. Bb4 Bd1 45. Ba3 Bc2 46. Bb4 Bf5 47. Ba3 Bb1 48. Bb4 g5 49. Ba3 Kg6 50. Be7 gxh4 51. gxh4 fxe5+ 1/2-1/2

[Event "44th Chess Olympiad Open 2022"]
[Site "Chennai"]
[Date "2022.08.02"]
[Round "5.50"]
[White "Berend, Fred"]
[Black "Chinchilla, Alejandro Jose"]
[Result "0-1"]
[WhiteElo "2307"]
[BlackElo "2166"]
[Annotator "RC"]
[PlyCount "88"]
[EventDate "2022.??.??"]
[TimeControl "60"]

1. d4 d5 2. Bf4 Nf6 3. e3 c5 4. c3 Nc6 5. Nf3 Qb6 6. Qb3 c4 7. Qc2 Bf5 8. Qc1 e6 9. Nbd2 Qa5 10. Be2 Nh5 11. Ne5 Nxf4 12. exf4 Nxe5 13. fxe5 Be7 14. O-O h5 15. b3 Ba3 16. Qd1 Bb2 17. bxc4 Qxc3 18. Qa4+ Kf8 19. Rad1 Bc2 20. Qb5 Bxd1 21. Rxd1 Qxd4 22. Qxb7 Rd8 23. c5 Qxe5 24. Nc4 Qxe2 25. Nxb2 g6 26. c6 Kg7 27. Qb4 Rb8 28. Qc3+ d4 29. Qxd4+ e5 30. Qc4 Rxb2 31. Qxe2 Rxe2 32. Rc1 Rc8 33. Kf1 Rxa2 34. h4 Rc7 35. g3 Ra6 36. Re1 Kf6 37. Re3 Raxc6 38. Rf3+ Ke6 39. Ra3 a6 40. Kg2 Ra7 41. Ra5 Kd6 42. Ra2 a5 43.
Rd2+ Ke6 44. Ra2 a4 0-1

[Event "44th Chess Olympiad Open 2022"]
[Site "Chennai"]
[Date "2022.08.02"]
[Round "5.50"]
[White "Gengler, Pierre"]
[Black "Gavarrete, Joel"]
[Result "0-1"]
[WhiteElo "2194"]
[BlackElo "2035"]
[Annotator "RC"]
[PlyCount "138"]
[EventDate "2022.??.??"]
[TimeControl "60"]

1. g3 Nf6 2. Bg2 d5 3. d3 e6 4. Nd2 c5 5. e4 Nc6 6. Ne2 h5 7. O-O g6 8. Re1 Be7 9. Nf4 O-O 10. b3 Re8 11. Bb2 d4 12. e5 Ng4 13.
Nc4 Qc7 14. Bxc6 Qxc6 15. h3 Nh6 16. Nxh5 gxh5 17. Qxh5 Kg7 18. Bc1 Rh8 19. Bg5 Qc7 20. Nd6 Bxg5 21. Qxg5+ Kf8 22. Re4 Nf5 23. Rg4 Qe7 24. Ne4 Qxg5 25. Rxg5 b6 26. h4 a5 27. a4 Bb7 28. Nf6 Ke7 29. f4 Ne3 30. Rc1 Bd5 31. Kf2 Rac8 32. c4 Bc6 33.
h5 Rh6 34. g4 Rxf6 35. exf6+ Kxf6 36. Rg1 Rh8 37. Rg3 Bb7 38. Rh3 Nc2 39. h6 Rh7 40. Rg8 Nb4 41. g5+ Ke7 42. Rg7 Nxd3+ 43. Rxd3 Be4 44. Rg3 Kf8 45. g6 Rxg7 46. hxg7+ Kxg7 47. gxf7+ Kxf7 48. Ke2 Kf6 49. Kd2 Kf5 50. Rg8 Kxf4 51. Rb8 e5 52. Rxb6 Bf5 53. b4 cxb4 54. Rd6 b3 55. Kc1 d3 56. Kb2 Ke3 57. Kxb3 Kd2 58. Rd5 e4 59. Rxf5 e3 60. c5 e2 61. Re5 e1=Q 62. Rxe1 Kxe1 63. Kc4 d2 64. Kb5 d1=Q 65. c6 Qc2 66. Kb6 Qxa4 67. c7 Qb4+ 68. Ka7 Qc5+ 69. Kb8 a4 0-1

[Event "44th Chess Olympiad Open 2022"]
[Site "Chennai"]
[Date "2022.08.02"]
[Round "5.50"]
[White "Villanueva, Marcio"]
[Black "Schartz, Alain"]
[Result "1/2-1/2"]
[WhiteElo "2009"]
[BlackElo "2086"]
[Annotator "NA RC"]
[PlyCount "94"]
[EventDate "2022.??.??"]
[TimeControl "60"]

1. Nf3 Nf6 2. d4 d5 3. g3 g6 4. Bg2 Bg7 5. O-O O-O 6. Nbd2 Nbd7 7. b3 c5 8. e3 cxd4 9. exd4 Nb6 10. Re1 Bg4 11. h3 Bxf3 12. Bxf3 Rc8 13. Ba3 Re8 14. Rc1 Rc7 15. Kg2 Bh6 16. h4 Qc8 17. Bb2 Rc6 18.
c4 Re6 19. c5 Rxe1 20. Qxe1 Nbd7 21. Rc2 Nb8 22. Nf1 Bg7 23. Ne3 Qd7 24. Re2 h5 25. Nc2 Nc6 26. b4 Nd8 27. Na1 Ne6 28. Nb3 g5 29. Rxe6 fxe6 30. hxg5 Nh7 31. Bxh5 Nxg5 32. Bxe8 Qxe8 33. Bc1 Ne4 34. f3 Nf6 35. Qxe6+ Kf8 36. Bg5 Qa4 37. Bxf6 Qxa2+ 38. Kh3 Bxf6 39. Qxd5 Qc2 40. g4 Qh7+ 41. Kg3 Qh1 42. g5 Qe1+ 43. Kg4 Qg1+ 44. Kh5 e6 45. Qd6+ Be7 46. Qf4+ Kg7 47. Nd2 Qh1+ 1/2-1/2

[Event "44th Chess Olympiad Open 2022"]
[Site "Chennai"]
[Date "2022.08.02"]
[Round "5.50"]
[White "Garcia Cuestas, Kevin"]
[Black "Steil-Antoni, Fiona"]
[Result "1/2-1/2"]
[WhiteElo "1984"]
[BlackElo "2218"]
[Annotator "NA RC"]
[PlyCount "93"]
[EventDate "2022.??.??"]
[TimeControl "60"]

1. Nf3 f5 2. g3 Nf6 3. d3 Nc6 4. Bg2 e5 5. c4 Bc5 6. O-O d6 7. Nc3 a6 8. Bg5 h6 9. Bxf6 Qxf6 10. Nd5 Qf7 11. e3 O-O 12. Rb1 Ba7 13.
b4 Nd8 14. Nd2 c6 15. Nc3 Kh8 16. b5 f4 17. Nce4 Qg6 18. b6 Bb8 19. exf4 exf4 20. d4 d5 21. cxd5 cxd5 22. Nc3 Bg4 23. Bf3 Bh3 24. Bg2 Bxg2 25. Kxg2 Ne6 26. Nf3 Bd6 27. Nh4 Qg5 28. Qd3 Rf6 29. Nf3 Qh5 30. Rbe1 Raf8 31. Ne5 Bxe5 32. Rxe5 f3+ 33. Kh1 Qh3 34. Rg1 Rf5 35. Nxd5 Rxe5 36. dxe5 Rf5 37. g4 Rxe5 38. Ne3 Qh4 39. Rg3 Rc5 40. Rxf3 Rc1+ 41. Kg2 g5 42. Qg6 Nf4+ 43. Rxf4 gxf4 44. Qe8+ Kh7 45. Qf7+ Kh8 46. Qf8+ Kh7 47. Qf7+ 1/2-1/2

[Event "44th Chess Olympiad Open 2022"]
[Site "Chennai"]
[Date "2022.08.02"]
[Round "5.51"]
[White "Tran, Thanh Tu"]
[Black "Roose Alex"]
[Result "1-0"]
[WhiteElo "2375"]
[BlackElo "1888"]
[Annotator "RC"]
[PlyCount "63"]
[EventDate "2022.??.??"]
[TimeControl "60"]

1. e4 d6 2. d4 Nf6 3. Nc3 e5 4. Nf3 exd4 5. Nxd4 Be7 6. Bf4 O-O 7. Be2 Nc6 8. O-O Nxd4 9. Qxd4 Be6 10. Rad1 Qc8 11. h3 Rd8 12. Qe3 Ne8 13. Rd2 a6 14. Nd5 Bf8 15. Bg5 f6 16. Bh4 Qd7 17. f4 Qf7 18.
a4 Bxd5 19. exd5 Rd7 20. f5 Re7 21. Qc3 Re4 22. Bg3 Rc8 23.
Bf3 Re7 24. b4 Kh8 25. Rdd1 Rd7 26. Rfe1 Re7 27. Re6 Rd8 28. Rde1 Rdd7 29. Qe3 b6 30. a5 bxa5 31. bxa5 Rd8 32. Rxe7 1-0

[Event "44th Chess Olympiad Open 2022"]
[Site "Chennai"]
[Date "2022.08.02"]
[Round "5.51"]
[White "Willem Blijstra"]
[Black "Averbukh, Alex"]
[Result "0-1"]
[WhiteElo "2198"]
[BlackElo "2155"]
[Annotator "NA RC"]
[PlyCount "56"]
[EventDate "2022.??.??"]
[TimeControl "60"]

1. d4 Nf6 2. c4 e5 3. dxe5 Ng4 4. Bf4 Nc6 5. Nf3 Bb4+ 6. Nc3 Qe7 7. e3 Bxc3+ 8. bxc3 Ngxe5 9. Be2 d6 10. Nxe5 Nxe5 11. O-O Bd7 12. c5 dxc5 13. Qd5 Nc6 14. Bxc7 Be6 15. Qd6 Rc8 16. Qxe7+ Kxe7 17. Bg3 Rhd8 18. Rfd1 Na5 19. Rxd8 Rxd8 20. a3 Rd2 21. Kf1 Bc4 22. Bxc4 Nxc4 23. a4 Kd7 24. a5 Kc6 25. a6 b5 26. Ke1 Kb6 27. Bb8 Rd7 28. Ke2 Na5 0-1